Map: Pillars of Gold LE

Players

LiquidMaNa (MaNa)

  • Race: Protoss Protoss
  • League: Grandmaster
  • Spawn Location: 1:00

LiquidClem (Clem) - Winner!

  • Race: Terran Terran
  • League: Grandmaster
  • Spawn Location: 7:00

Event: DreamHack SC2 Masters 2020 Fall

VOD

Have the link to the VOD?

Description

Time

  • Played on: Aug. 30, 2020, 12:33 p.m.
  • Length: 13:51

All games in this series

Show
View Real Time Build Order
Export as new Build Order

LiquidMaNa Protoss 

Build Orders: 1 Gate Expand, Oracle Opening 

Get SALT Encoding   

  12  0:00  Probe  
  13  0:12  Probe  
  14  0:19  Pylon  
  14  0:24  Probe (Chrono Boost)  
  15  0:38  Probe (Chrono Boost)  
  15  0:39  Gateway  
  16  0:45  Probe (Chrono Boost)  
  16  0:48  Assimilator  
  17  0:52  Probe  
  18  1:04  Probe  
  19  1:16  Probe  
  20  1:26  Cybernetics Core  
  20  1:38  Nexus  
  20  1:45  Pylon  
  20  1:48  Probe  
  21  1:57  Assimilator  
  21  2:00  Probe  
  22  2:05  Stalker (Chrono Boost)  
  24  2:13  Probe  
  25  2:20  Pylon  
  25  2:22  Warp Gate  
  25  2:25  Probe  
  27  2:37  Probe  
  27  2:38  Stargate  
  27  2:46  Stalker  
  27  2:49  Probe  
  30  2:52  Probe  
  31  3:01  Probe  
  31  3:04  Probe  
  33  3:10  Gateway  
  33  3:13  Probe  
  33  3:18  Probe  
  33  3:19  Oracle (Chrono Boost)  
  35  3:25  Probe  
  38  3:30  Probe  
  38  3:34  Gateway  
  39  3:37  Probe  
  40  3:43  Probe  
  40  3:46  Oracle (Chrono Boost)  
  41  3:49  Probe  
  41  3:54  Pylon  
  41  3:55  Probe  
  46  4:01  Probe  
  46  4:04  Twilight Council  
  46  4:07  Probe  
  45  4:14  Probe  
  45  4:16  Assimilator  
  46  4:19  Probe  
  47  4:26  Probe  
  47  4:29  Sentry  
  47  4:30  Zealot  
  53  4:31  Probe  
  53  4:32  Pylon  
  53  4:34  Charge (Chrono Boost)  
  53  4:38  Probe  
  54  4:40  Pylon  
  54  4:50  Probe x2  
  54  4:51  Forge  
  56  4:55  Zealot  
  56  4:56  Zealot  
  56  4:58  Zealot  
  62  5:02  Probe x2  
  64  5:14  Probe x2  
  64  5:19  Nexus  
  64  5:20  Protoss Ground Armor Level 1 (Chrono Boost)  
  66  5:26  Probe x2  
  68  5:30  Robotics Facility  
  68  5:33  Sentry  
  68  5:35  Assimilator  
  70  5:42  Pylon  
  70  5:43  Pylon  
  70  5:51  Pylon  
  70  5:54  Gateway  
  70  5:55  Gateway  
  70  5:56  Gateway  
  70  6:00  Probe  
  70  6:02  Probe, Dark Shrine  
  72  6:10  Zealot x2  
  76  6:11  Zealot  
  76  6:13  Probe  
  79  6:22  Shield Battery  
  79  6:24  Immortal (Chrono Boost)  
  79  6:29  Probe  
  79  6:32  Probe  
  85  6:39  Zealot x2  
  89  6:41  Stalker  
  91  6:51  Zealot x3  
  97  6:55  Pylon  
  97  7:01  Zealot x2  
  99  7:09  Probe  
  99  7:12  Probe  
  91  7:15  Stalker x4  
  91  7:17  Probe  
  91  7:22  Probe  
  99  7:24  Stalker x2  
  97  7:30  Blink (Chrono Boost)  
  97  7:32  Probe x2  
  99  7:38  Protoss Ground Weapons Level 1 (Chrono Boost)  
  99  7:39  Stalker x2  
  99  7:41  Dark Templar x2  
  107  7:47  Probe x2  
  107  7:49  Assimilator  
  109  7:53  Probe  
  109  7:55  Photon Cannon  
  110  7:59  Probe  
  110  8:02  Probe  
  110  8:04  Immortal (Chrono Boost)  
  113  8:08  Zealot  
  113  8:09  Zealot  
  117  8:15  Probe  
  117  8:19  Dark Templar  
  116  8:27  Gateway  
  116  8:29  Gateway  
  116  8:31  Gateway  
  116  8:34  Gateway  
  116  8:38  Assimilator  
  116  8:39  Pylon  
  116  8:47  Robotics Bay  
  116  8:57  Warp Prism  
  116  9:00  Dark Templar x3  
  123  9:03  Archon  
  123  9:04  Zealot, Archon  
  125  9:13  Pylon  
  125  9:14  Pylon  
  125  9:31  Stalker x2  
  127  9:32  Zealot x5  
  127  9:36  Sentry x3  
  135  9:40  Disruptor  
  135  9:44  Robotics Facility  
  138  9:46  Probe x2  
  138  9:58  Pylon, Protoss Ground Armor Level 2  
  138  9:59  Nexus  
  138  10:00  Pylon x2  
  127  10:16  Disruptor (Chrono Boost)  
  127  10:18  Stalker x6  
  128  10:23  Stalker  
  118  10:34  Disruptor (Chrono Boost)  
  118  10:42  Zealot x3, Dark Templar x2  
  118  10:43  Zealot x4  
  118  10:48  Disruptor (Chrono Boost)  
  130  10:53  Shield Battery  
  130  10:54  Shield Battery  
  133  11:02  Disruptor (Chrono Boost)  
  131  11:12  Nexus  
  131  11:14  Sentry x2  
  131  11:15  Zealot x3  
  131  11:16  Zealot x3  
  140  11:24  Stalker x2  
  126  11:25  Disruptor (Chrono Boost)  
  123  11:37  Disruptor (Chrono Boost)  
  108  11:47  Dark Templar  
  111  11:56  Stalker x2, Observer (Chrono Boost)  
  111  11:57  Zealot x3  
  111  11:58  Zealot x2, Dark Templar  
  127  12:12  Pylon  
  123  12:27  Nexus  
  123  12:29  Dark Templar x4  
  127  12:40  Disruptor  
  130  12:46  Pylon  
  130  12:53  Dark Templar  
  128  13:11  Stalker x3  
  128  13:12  Stalker x3  
  140  13:27  Zealot x2  
  125  13:35  Stalker x5  
Show
View Real Time Build Order
Export as new Build Order

LiquidClem Terran - Winner!

Build Orders: Reaper Expand 

Get SALT Encoding   

  12  0:00  SCV  
  13  0:12  SCV  
  14  0:17  Supply Depot  
  14  0:24  SCV  
  15  0:39  SCV, Barracks  
  16  0:44  Refinery  
  16  0:51  SCV  
  17  1:03  SCV  
  18  1:15  SCV  
  19  1:26  Reaper  
  19  1:27  Orbital Command  
  20  1:44  Command Center  
  20  1:52  Supply Depot  
  20  1:57  SCV  
  20  2:00  Marine  
  22  2:09  SCV  
  22  2:13  Factory  
  23  2:18  Marine  
  23  2:22  Bunker  
  24  2:26  SCV  
  25  2:30  Refinery  
  25  2:37  Barracks Reactor  
  25  2:38  SCV  
  26  2:50  SCV  
  27  2:58  Hellion, Starport  
  29  3:02  Orbital Command  
  29  3:05  SCV  
  30  3:15  Marine x2  
  30  3:17  SCV  
  33  3:20  Factory Tech Lab  
  35  3:27  Widow Mine  
  35  3:30  SCV  
  35  3:31  SCV  
  35  3:34  Supply Depot  
  37  3:35  Viking  
  37  3:37  Marine  
  37  3:40  Marine  
  41  3:43  SCV  
  41  3:44  SCV  
  43  3:50  Factory Tech Lab  
  43  3:55  SCV, Marine  
  45  3:56  SCV  
  45  3:58  Marine  
  47  4:03  Barracks  
  47  4:07  SCV  
  47  4:08  SCV  
  49  4:14  Barracks  
  49  4:16  Siege Tank  
  50  4:19  SCV  
  50  4:20  SCV  
  50  4:22  Supply Depot  
  52  4:24  Starport Tech Lab  
  52  4:27  Marine x2  
  52  4:30  Engineering Bay  
  53  4:33  SCV  
  53  4:37  Refinery  
  54  4:40  Supply Depot  
  54  4:44  SCV, Supply Depot  
  54  4:45  SCV  
  56  4:47  Marine x2  
  58  4:56  SCV  
  58  4:57  Factory Reactor  
  58  4:58  Stimpack  
  58  4:59  Terran Infantry Weapons Level 1  
  59  5:01  SCV  
  59  5:04  Marine  
  59  5:06  Combat Shield  
  61  5:10  Marauder x2  
  61  5:12  SCV  
  66  5:14  Marine  
  66  5:16  Supply Depot  
  66  5:18  SCV  
  68  5:24  Refinery, Marine  
  68  5:25  SCV  
  68  5:26  Supply Depot  
  70  5:31  Marauder  
  70  5:32  Marauder  
  70  5:33  SCV  
  75  5:37  SCV  
  75  5:40  Supply Depot  
  76  5:46  Marine  
  76  5:47  Marine  
  78  5:51  Supply Depot, Factory Tech Lab  
  78  5:52  Marauder  
  78  5:53  Marauder  
  78  5:55  Missile Turret  
  82  5:57  Missile Turret  
  82  6:00  Medivac x2  
  82  6:03  SCV  
  87  6:04  SCV  
  87  6:06  Marine x2  
  90  6:18  Command Center  
  90  6:23  Siege Tank  
  93  6:25  Concussive Shells  
  93  6:27  Marine x2  
  93  6:31  Marauder  
  93  6:32  Marauder  
  97  6:41  Barracks  
  97  6:43  Barracks  
  97  6:46  Medivac x2  
  101  6:48  Marine  
  101  6:50  Marine  
  101  6:52  Marauder  
  104  6:54  Marauder  
  104  6:58  SCV x2  
  108  7:01  Supply Depot  
  107  7:11  Marine x2  
  107  7:14  Marauder  
  98  7:16  Marauder  
  98  7:20  Medivac x2  
  101  7:25  Supply Depot  
  101  7:29  Marine x2  
  96  7:31  Factory Reactor  
  96  7:32  Barracks Reactor, Barracks Tech Lab  
  96  7:35  Marauder  
  96  7:36  SCV x2  
  98  7:37  Marauder  
  98  7:38  Terran Infantry Armor Level 1  
  100  7:44  Orbital Command  
  100  7:49  Marine  
  100  7:50  SCV  
  102  7:51  SCV  
  102  7:55  Marine  
  102  7:57  Marauder  
  106  7:59  Medivac, Marauder  
  106  8:01  Medivac  
  106  8:03  SCV  
  106  8:04  SCV  
  106  8:05  Marauder  
  116  8:10  Missile Turret  
  116  8:15  SCV x2, Missile Turret  
  116  8:18  Marauder, Marine x3  
  123  8:20  SCV, Marauder  
  123  8:22  Marine  
  123  8:24  Widow Mine  
  129  8:27  SCV  
  129  8:28  Supply Depot  
  129  8:29  SCV  
  129  8:32  SCV  
  132  8:36  Refinery  
  132  8:38  Ghost Academy  
  132  8:39  SCV  
  132  8:40  Supply Depot  
  132  8:41  SCV, Marine x3  
  136  8:42  Marine  
  136  8:46  Widow Mine  
  140  8:50  SCV, Marauder x2  
  140  8:54  Bunker  
  140  8:55  SCV, Marauder  
  147  9:01  Marine x2  
  149  9:10  Supply Depot  
  149  9:14  Armory, Command Center  
  149  9:15  Engineering Bay  
  149  9:17  Ghost  
  148  9:22  Marine x2  
  151  9:25  Marauder x2  
  151  9:30  Marine  
  151  9:31  Marine  
  154  9:38  Supply Depot  
  154  9:39  SCV  
  154  9:44  SCV x2, Refinery  
  154  9:45  Ghost x2  
  157  9:49  Marine x2  
  157  9:52  Ghost  
  164  9:57  Missile Turret  
  168  10:00  Widow Mine x2  
  168  10:01  Supply Depot  
  168  10:03  Supply Depot  
  168  10:07  Marine x2  
  168  10:14  Ghost x2, Marine  
  158  10:19  Marine  
  158  10:21  Widow Mine  
  158  10:22  Marauder  
  158  10:26  Liberator x2  
  155  10:29  Widow Mine, Marine  
  155  10:30  Marine  
  155  10:34  Terran Infantry Weapons Level 2  
  158  10:38  Marine x2  
  158  10:42  Terran Infantry Armor Level 2  
  152  10:43  Marauder  
  152  10:47  Widow Mine  
  152  10:48  Marauder  
  152  10:49  Marauder  
  160  10:51  Marine  
  160  10:53  Widow Mine  
  160  10:55  Marine  
  164  10:57  Enhanced Shockwaves  
  164  11:00  Marine x2  
  164  11:11  Marauder  
  157  11:17  Marauder  
  157  11:18  Marauder  
  137  11:29  Marine x2  
  137  11:31  SCV x3  
  137  11:33  Marine, Widow Mine  
  137  11:34  Marine  
  137  11:36  Planetary Fortress  
  137  11:39  Marine x2  
  144  11:40  Marauder  
  144  11:43  SCV  
  144  11:45  SCV x2  
  147  11:53  Missile Turret, Marine x4  
  153  11:55  SCV  
  153  11:57  SCV, Marauder  
  157  12:02  Marine  
  157  12:08  Liberator x2  
  156  12:09  Starport  
  156  12:15  SCV x3  
  163  12:16  Marine x2  
  163  12:22  Marauder  
  165  12:23  Marauder  
  165  12:24  Marauder  
  165  12:25  SCV  
  167  12:32  Marine x2  
  169  12:39  SCV x2, Fusion Core  
  169  12:43  Marauder  
  173  12:45  Liberator  
  176  12:55  Liberator  
  176  12:57  Command Center  
  179  13:00  Liberator x2  
  181  13:06  SCV  
  181  13:08  SCV x2, Refinery  
  181  13:09  Refinery  
  181  13:10  Marauder  
  184  13:16  Marauder  
  186  13:24  Marauder  

Tags
 
Add a new tag
Caveats
  • Supply blocks, unpowered buildings, or Contaminate may cause inaccurate times.
  • Supply counts are checked every 10 seconds.